NCAA
KANSAS JAYHAWKS @ OREGON STATE BEAVERS
05/24/2029
 
TOP OF THE 1ST
Kansas Jayhawks batting - Pitching for Oregon State Beavers : RHP Carlos Abrante
Pitching: RHP Carlos Abrante
Batting: RHB Félix Chávez 0-0: Called Strike
0-1: Called Strike
0-2: Ball
1-2: Strikes out swinging
Batting: RHB Luis Viña 0-0: Swinging Strike
0-1: Swinging Strike
0-2: Strikes out looking
Batting: LHB Tony Ríos 0-0: Ball
1-0: Swinging Strike
1-1: Swinging Strike
1-2: Fly out, F8 (Flyball, 8LXD)
Top of the 1st over - 0 runs, 0 hits, 0 errors, 0 left on base; Kansas 0 - Oregon State 0
BOTTOM OF THE 1ST
Oregon State Beavers batting - Pitching for Kansas Jayhawks : LHP Paul Bacon
Pitching: LHP Paul Bacon
Batting: RHB Travis Jackson 0-0: Foul Ball, location: 2F
0-1: Ball
1-1: Foul Ball, location: 2F
1-2: Strikes out swinging
Batting: RHB Lance Fullerton 0-0: Called Strike
0-1: Fly out, F9 (Flyball, 9LD)
Batting: RHB Michael Kissinger 0-0: Ball
1-0: Called Strike
1-1: Ball
2-1: Ball
3-1: Foul Ball, location: 2F
3-2: Strikes out looking
Bottom of the 1st over - 0 runs, 0 hits, 0 errors, 0 left on base; Kansas 0 - Oregon State 0
TOP OF THE 2ND
Kansas Jayhawks batting - Pitching for Oregon State Beavers : RHP Carlos Abrante
Batting: LHB Mike Bowers 0-0: Swinging Strike
0-1: Ball
1-1: Ball
2-1: Foul Ball, location: 2F
2-2: Ball
3-2: Foul Ball, location: 2F
3-2: Fly out, F3 (Popup, 3F)
Batting: RHB Peyton Ryan 0-0: Ball
1-0: Called Strike
1-1: Fly out, F8 (Flyball, 8RM)
Batting: RHB Sidney Gilbert 0-0: Ball
1-0: Foul Ball, location: 2F
1-1: Foul Ball, location: 2F
1-2: Ball
2-2: Strikes out looking
Top of the 2nd over - 0 runs, 0 hits, 0 errors, 0 left on base; Kansas 0 - Oregon State 0
BOTTOM OF THE 2ND
Oregon State Beavers batting - Pitching for Kansas Jayhawks : LHP Paul Bacon
Batting: SHB Brandon Hathaway 0-0: Swinging Strike
0-1: Called Strike
0-2: Foul Ball, location: 2F
0-2: Strikes out swinging
Batting: LHB Jon Jackson 0-0: Ball
1-0: SINGLE (Groundball, 3D)
Batting: RHB Wilson Serrano 0-0: Called Strike
0-1: Ball
1-1: Ball
2-1: Swinging Strike
2-2: Foul Ball, location: 2F
2-2: Strikes out looking
Batting: SHB Luis Rodríguez 0-0: Ball
1-0: Ball
2-0: Ball
3-0: Called Strike
3-1: Foul Ball, location: 2F
3-2: Foul Ball, location: 2F
3-2: Foul Ball, location: 2F
3-2: Foul Ball, location: 2F
3-2: Strikes out swinging
Bottom of the 2nd over - 0 runs, 1 hit, 0 errors, 1 left on base; Kansas 0 - Oregon State 0
TOP OF THE 3RD
Kansas Jayhawks batting - Pitching for Oregon State Beavers : RHP Carlos Abrante
Batting: LHB José Pueblo 0-0: Called Strike
0-1: Ball
1-1: Swinging Strike
1-2: Strikes out swinging
Batting: LHB Jason Rogers 0-0: Called Strike
0-1: Foul Ball, location: 2F
0-2: Ball
1-2: Foul Ball, location: 2F
1-2: Ball
2-2: Ball
3-2: Foul Ball, location: 2F
3-2: Strikes out swinging
Batting: RHB Andrew Jenkins 0-0: Called Strike
0-1: Foul Ball, location: 2F
0-2: Fly out, F5 (Line Drive, 56S)
Top of the 3rd over - 0 runs, 0 hits, 0 errors, 0 left on base; Kansas 0 - Oregon State 0
BOTTOM OF THE 3RD
Oregon State Beavers batting - Pitching for Kansas Jayhawks : LHP Paul Bacon
Batting: RHB Julius Sears 0-0: Foul Ball, location: 2F
0-1: Swinging Strike
0-2: Ball
1-2: Strikes out looking
Batting: RHB Bert Smith 0-0: Ball
1-0: SINGLE (Line Drive, 4M)
Batting: RHB Travis Jackson 0-0: Called Strike
0-1: Foul Ball, location: 2F
0-2: Strikes out swinging
Batting: RHB Lance Fullerton 0-0: Ball
1-0: Ball
2-0: Ball
3-0: Base on Balls
Bert Smith to second
Batting: RHB Michael Kissinger 0-0: Ball
1-0: Ball
2-0: Ball
3-0: Base on Balls
Bert Smith to third
Lance Fullerton to second
Batting: SHB Brandon Hathaway 0-0: Swinging Strike
0-1: Ball
1-1: Swinging Strike
1-2: Ball
2-2: Ball
3-2: Foul Ball, location: 2F
3-2: GRAND SLAM HOME RUN (Flyball, 7LD), Distance : 326 ft
Batting: LHB Jon Jackson 0-0: Foul Ball, location: 2F
0-1: Ball
1-1: Ball
2-1: Fly out, F8 (Flyball, 8RM)
Bottom of the 3rd over - 4 runs, 2 hits, 0 errors, 0 left on base; Kansas 0 - Oregon State 4
TOP OF THE 4TH
Kansas Jayhawks batting - Pitching for Oregon State Beavers : RHP Carlos Abrante
Batting: RHB Félix Chávez 0-0: Called Strike
0-1: Foul Ball, location: 2F
0-2: Ball
1-2: Ball
2-2: Foul Ball, location: 2F
2-2: Ball
3-2: Strikes out swinging
Batting: RHB Luis Viña 0-0: Swinging Strike
0-1: Called Strike
0-2: Foul Ball, location: 2F
0-2: Ball
1-2: Ball
2-2: Strikes out looking
Batting: LHB Tony Ríos 0-0: Called Strike
0-1: Ball
1-1: Ball
2-1: Foul Ball, location: 2F
2-2: SINGLE (Groundball, 56D)
Batting: LHB Mike Bowers 0-0: Ball
1-0: Swinging Strike
1-1: Swinging Strike
1-2: Foul Ball, location: 2F
1-2: Strikes out looking
Top of the 4th over - 0 runs, 1 hit, 0 errors, 1 left on base; Kansas 0 - Oregon State 4
BOTTOM OF THE 4TH
Oregon State Beavers batting - Pitching for Kansas Jayhawks : LHP Paul Bacon
Batting: RHB Wilson Serrano 0-0: Foul Ball, location: 2F
0-1: Ball
1-1: Fly out, F7 (Flyball, 7S)
Batting: SHB Luis Rodríguez 0-0: Ball
1-0: Swinging Strike
1-1: Foul Ball, location: 2F
1-2: Ball
2-2: Ball
3-2: Foul Ball, location: 2F
3-2: Base on Balls
Batting: RHB Julius Sears 0-0: Ball
1-0: Ball
2-0: Called Strike
2-1: Ball
3-1: Swinging Strike
3-2: Foul Ball, location: 2F
3-2: Base on Balls
Luis Rodríguez to second
Batting: RHB Bert Smith 0-0: Ball
1-0: Called Strike
1-1: SINGLE (Groundball, 56D)
Luis Rodríguez to third
Julius Sears to second
Pitching: RHP Keith Feltham
Batting: RHB Travis Jackson 0-0: Ball
1-0: Swinging Strike
1-1: Called Strike
1-2: Fly out, F9 (Flyball, 9LM)
Runner from 3rd tags up, SCORES, throw made
Batting: RHB Lance Fullerton 0-0: Called Strike
0-1: Ball
1-1: Ball
2-1: Fly out, F9 (Flyball, 89M)
Bottom of the 4th over - 1 run, 1 hit, 0 errors, 2 left on base; Kansas 0 - Oregon State 5
TOP OF THE 5TH
Kansas Jayhawks batting - Pitching for Oregon State Beavers : RHP Carlos Abrante
Batting: RHB Peyton Ryan 0-0: Called Strike
0-1: Ground out 6-3 (Groundball, 6)
Batting: RHB Sidney Gilbert 0-0: Foul Ball, location: 2F
0-1: Ball
1-1: Fly out, F9 (Flyball, 9LD)
Batting: LHB José Pueblo 0-0: Ball
1-0: Swinging Strike
1-1: Ball
2-1: Ball
3-1: Foul Ball, location: 2F
3-2: Fly out, F7 (Flyball, 7S)
Top of the 5th over - 0 runs, 0 hits, 0 errors, 0 left on base; Kansas 0 - Oregon State 5
BOTTOM OF THE 5TH
Oregon State Beavers batting - Pitching for Kansas Jayhawks : RHP Keith Feltham
Batting: RHB Michael Kissinger 0-0: Foul Ball, location: 2F
0-1: Hit by Pitch
Batting: SHB Brandon Hathaway 0-0: Ball
1-0: Foul Ball, location: 2F
1-1: Fly out, F6 (Popup, 6MS)
Batting: LHB Jon Jackson 0-0: Called Strike
0-1: Ball
1-1: Foul Ball, location: 2F
1-2: Ball
2-2: Ball
3-2: Foul Ball, location: 2F
3-2: Foul Ball, location: 2F
3-2: Foul Ball, location: 2F
3-2: Base on Balls
Michael Kissinger to second
Batting: RHB Wilson Serrano 0-0: Called Strike
0-1: Foul Ball, location: 2F
0-2: Ball
1-2: Ball
2-2: Grounds into double play, 5-4-3 (Groundball, 5)
Bottom of the 5th over - 0 runs, 0 hits, 0 errors, 1 left on base; Kansas 0 - Oregon State 5
TOP OF THE 6TH
Kansas Jayhawks batting - Pitching for Oregon State Beavers : RHP Carlos Abrante
Batting: LHB Jason Rogers 0-0: Called Strike
0-1: Ball
1-1: Foul Ball, location: 2F
1-2: Strikes out looking
Batting: RHB Andrew Jenkins 0-0: Ball
1-0: Foul Ball, location: 2F
1-1: Swinging Strike
1-2: Ball
2-2: Foul Ball, location: 2F
2-2: Strikes out swinging
Batting: RHB Félix Chávez 0-0: Foul Ball, location: 2F
0-1: Ball
1-1: Called Strike
1-2: Strikes out looking
Top of the 6th over - 0 runs, 0 hits, 0 errors, 0 left on base; Kansas 0 - Oregon State 5
BOTTOM OF THE 6TH
Oregon State Beavers batting - Pitching for Kansas Jayhawks : RHP Keith Feltham
Batting: SHB Luis Rodríguez 0-0: Ball
1-0: Ball
2-0: Ball
3-0: Base on Balls
Batting: RHB Julius Sears 0-0: Ball
1-0: Fly out, F6 (Popup, 6M)
Batting: RHB Bert Smith 0-0: Called Strike
0-1: 2-RUN HOME RUN (Flyball, 7D), Distance : 345 ft
Batting: RHB Travis Jackson 0-0: Ball
1-0: Ball
2-0: Ball
3-0: Called Strike
3-1: Base on Balls
Batting: RHB Lance Fullerton 0-0: Ball
1-0: Foul Ball, location: 2F
1-1: Foul Ball, location: 2F
1-2: Foul Ball, location: 2F
1-2: Ground out 5-3 (Groundball, 56S)
Travis Jackson to second
Batting: RHB Michael Kissinger 0-0: Swinging Strike
0-1: Ball
1-1: Swinging Strike
1-2: Ground out 4-3 (Groundball, 4)
Bottom of the 6th over - 2 runs, 1 hit, 0 errors, 1 left on base; Kansas 0 - Oregon State 7
TOP OF THE 7TH
Kansas Jayhawks batting - Pitching for Oregon State Beavers : RHP Carlos Abrante
Pitching: RHP Steve McDonald
Batting: RHB Luis Viña 0-0: Ball
1-0: Ball
2-0: Foul Ball, location: 2F
2-1: Swinging Strike
2-2: Foul Ball, location: 2F
2-2: Ball
3-2: Base on Balls
Batting: LHB Tony Ríos 0-0: Called Strike
0-1: Ball
1-1: 2-RUN HOME RUN (Flyball, 9D), Distance : 363 ft
Batting: LHB Mike Bowers 0-0: Ball
1-0: Ground out 3-1 (Groundball, 34S)
Batting: RHB Peyton Ryan 0-0: Called Strike
0-1: Swinging Strike
0-2: Strikes out swinging, 2-3 out at first.
Batting: RHB Sidney Gilbert 0-0: Swinging Strike
0-1: Foul Ball, location: 2F
0-2: Ball
1-2: Ball
2-2: Ball
3-2: Strikes out swinging
Top of the 7th over - 2 runs, 1 hit, 0 errors, 0 left on base; Kansas 2 - Oregon State 7
BOTTOM OF THE 7TH
Oregon State Beavers batting - Pitching for Kansas Jayhawks : RHP Keith Feltham
Batting: SHB Brandon Hathaway 0-0: Ball
1-0: Ball
2-0: Swinging Strike
2-1: SINGLE (Groundball, 34D)
Batting: LHB Jon Jackson 0-0: Swinging Strike
0-1: Called Strike
0-2: Foul Ball, location: 2F
0-2: Strikes out swinging
Pitching: RHP Garth Zapata
Batting: RHB Wilson Serrano 0-0: Ball
1-0: Ball
2-0: Foul Ball, location: 2F
2-1: Foul Ball, location: 2F
2-2: Ball
3-2: Foul Ball, location: 2F
3-2: Fly out, F8 (Line Drive, 8LM)
Batting: SHB Luis Rodríguez 0-0: Ball
1-0: Swinging Strike
1-1: Ball
2-1: Foul Ball, location: 2F
2-2: Ball
3-2: Base on Balls
Brandon Hathaway to second
Batting: RHB Julius Sears 0-0: Ball
1-0: Ball
2-0: Called Strike
2-1: Fly out, F6 (Line Drive, 6)
Bottom of the 7th over - 0 runs, 1 hit, 0 errors, 2 left on base; Kansas 2 - Oregon State 7
TOP OF THE 8TH
Kansas Jayhawks batting - Pitching for Oregon State Beavers : RHP Steve McDonald
Batting: LHB José Pueblo 0-0: Called Strike
0-1: Foul Ball, location: 2F
0-2: Ground out 3-1 (Groundball, 34)
Batting: LHB Jason Rogers 0-0: Foul Ball, location: 2F
0-1: Ball
1-1: Ball
2-1: Foul Ball, location: 2F
2-2: Ball
3-2: Ground out 6-3 (Groundball, 6M)
Batting: RHB Andrew Jenkins 0-0: Called Strike
0-1: Foul Ball, location: 2F
0-2: Ball
1-2: Ball
2-2: Ball
3-2: Base on Balls
Batting: RHB Félix Chávez 0-0: Ball
1-0: Fly out, F8 (Flyball, 8RM)
Top of the 8th over - 0 runs, 0 hits, 0 errors, 1 left on base; Kansas 2 - Oregon State 7
BOTTOM OF THE 8TH
Oregon State Beavers batting - Pitching for Kansas Jayhawks : RHP Garth Zapata
Batting: RHB Bert Smith 0-0: Fly out, F8 (Line Drive, 89M)
Batting: RHB Travis Jackson 0-0: Ball
1-0: Ball
2-0: Called Strike
2-1: Called Strike
2-2: Ball
3-2: Base on Balls
Batting: RHB Lance Fullerton 0-0: Ball
1-0: Ball
2-0: Ball
3-0: Base on Balls
Travis Jackson to second
Batting: RHB Michael Kissinger 0-0: Ball
1-0: Ground out 5-3 (Groundball, 56S)
Travis Jackson to third
Lance Fullerton to second
Batting: SHB Brandon Hathaway 0-0: Ball
1-0: Called Strike
1-1: Fly out, F7 (Flyball, 7LS)
Bottom of the 8th over - 0 runs, 0 hits, 0 errors, 2 left on base; Kansas 2 - Oregon State 7
TOP OF THE 9TH
Kansas Jayhawks batting - Pitching for Oregon State Beavers : RHP Steve McDonald
Now in RF: Ed Edmonds
Batting: RHB Luis Viña 0-0: Fly out, F9 (Line Drive, 9)
Batting: LHB Tony Ríos 0-0: Ball
1-0: Ball
2-0: Ball
3-0: Base on Balls
Batting: LHB Mike Bowers 0-0: Ball
1-0: Swinging Strike
1-1: Foul Ball, location: 2F
1-2: Strikes out looking
Batting: RHB Peyton Ryan 0-0: Called Strike
0-1: Ball
1-1: SINGLE (Line Drive, 8RS)
Tony Ríos to second
Batting: RHB Sidney Gilbert 0-0: Called Strike
0-1: Ball
1-1: Swinging Strike
1-2: Strikes out looking
Top of the 9th over - 0 runs, 1 hit, 0 errors, 2 left on base; Kansas 2 - Oregon State 7
Saturday, December 16th, 2017 - OOTP Baseball 18.8 Build 76